 Dungeon Crawl Stone Soup version 0.23.2-40-g277498a001 (webtiles) character file.

Game seed: 4110867582352418074

133 Felnil the Skirmisher (level 4, -1/40 HPs)
             Began as a Mummy Fighter on Aug 16, 2019.
             Slain by Purgy (3 damage)
             ... on level 3 of the Dungeon.
             The game lasted 00:07:26 (2430 turns).

Felnil the Skirmisher (Mummy Fighter)               Turns: 2430, Time: 00:07:27

Health: -1/40      AC:  7    Str: 20    XL:     4   Next: 93%
Magic:  4/4        EV:  7    Int:  7    God:
Gold:   70         SH: 12    Dex: 11    Spells: 3/3 levels left

rFire    . . .     SeeInvis .   a - +0 war axe
rCold    . . .     Gourm    .   c - +0 shield
rNeg     + + +     Faith    .   b - +1 scale mail
rPois    ∞         Spirit   .   (no helmet)
rElec    .         Reflect  +   (no cloak)
rCorr    .         Harm     .   (no gloves)
MR       .....                  (no boots)
Stlth    ..........             e - +4 amulet of reflection
HPRegen  0.13/turn              j - ring of fire
MPRegen  0.09/turn              (no ring)

@: very slightly contaminated
A: no food or potions, fire vulnerability, cold resistance 1, negative energy
resistance 3, torment resistance, unbreathing
a: no special abilities


You were on level 3 of the Dungeon.
You were not hungry.

You visited 1 branch of the dungeon, and saw 3 of its levels.
You also visited: Sewer.

You collected 70 gold pieces.

Inventory:

Hand Weapons
 a - a +0 war axe (weapon)
Missiles
 m - a tomahawk (quivered)
Armour
 b - a +1 scale mail (worn)
 c - a +0 shield (worn)
Jewellery
 e - a +4 amulet of reflection (around neck)
 f - an uncursed amulet of regeneration
 j - a ring of fire (left hand)
Scrolls
 d - 3 scrolls of identify


   Skills:
 + Level 5.7 Fighting
 - Level 1.5 Axes
 - Level 2.4 Armour
 - Level 2.4 Shields


You had 3 spell levels left.
You didn't know any spells.
Your spell library was empty.

Dungeon Overview and Level Annotations

Branches:
Dungeon (3/15)

Altars:
Cheibriados
Kikubaaqudgha
Makhleb
Uskayaw

Annotations:
D:3 Purgy


Innate Abilities, Weirdness & Mutations

You do not eat or drink.
Your flesh is vulnerable to fire.
You are immune to poison.
Your flesh is cold resistant. (rC+)
You are immune to negative energy. (rN+++)
You are immune to unholy pain and torment.
You can survive without breathing.


Message History

Items here: (( ))) a +0 short sword; a stone; a +0 dagger; a cursed -3 blowgun 21 poisoned needles
There is a gate leading back out of this place here.
Purgy bites you.
* * * LOW HITPOINT WARNING * * *
Purgy claws you but does no damage. x2
Welcome back to the Dungeon!
There is a collapsed entrance here.
As you read the scroll labeled RYAZE TUICLI, it crumbles to dust.
It is a scroll of enchant armour.
Your +0 scale mail glows green for a moment.
You block Purgy's attack. x2; Purgy closely misses you.
You can't go down here!
You can't go up here!
You hit Purgy.
Purgy is lightly wounded.
You block Purgy's attack. Purgy barely misses you. You block Purgy's attack. x2
Purgy claws you.
You die...

#..# #..########
#..........
#..#########
..######.##≈≈≈≈≈≈≈##
.........#≈#######≈#
..###....#†#≈≈≈†##≈#
#....#≈#≈###≈#≈#
#....#≈#.#@#≈#≈#
####!#.#≈#T#.#≈#
#.#.##≈##≈#†#
#.#.#####≈#.#
#.##≈≈≈.≈##≈#
#..#######.## ##.#
#..# #.# ##.## #.#
#..#


You could see Purgy.

Vanquished Creatures
  4 adders
  A river rat (D:3)
  An ooze (D:1)
  A worm (D:3)
  A dart slug (D:2)
  6 leopard geckos
  An orc (D:3)
  3 giant cockroaches
  11 goblins
  6 hobgoblins
  2 jackals (Sewer)
  4 quokkas
  3 ball pythons
  6 bats
  5 frilled lizards
  9 kobolds
  4 rats
68 creatures vanquished.

Notes
Turn   | Place    | Note
-------+----------+-------------------------------------------
     0 | D:1      | Felnil the Mummy Fighter began the quest for the Orb.
     0 | D:1      | Reached XP level 1. HP: 18/18 MP: 1/1
   144 | D:1      | Reached XP level 2. HP: 17/24 MP: 2/2
   383 | D:1      | Reached skill level 4 in Fighting
   512 | D:1      | Reached XP level 3. HP: 26/30 MP: 3/3
   515 | D:1      | You fall through a shaft!
   869 | D:2      | Found a hide-covered altar of Uskayaw.
   935 | D:2      | Found a snail-covered altar of Cheibriados.
  1062 | D:2      | Reached skill level 5 in Fighting
  1062 | D:2      | Reached XP level 4. HP: 28/39 MP: 4/4
  1247 | D:2      | Found a burning altar of Makhleb.
  1696 | D:3      | Found an ancient bone altar of Kikubaaqudgha.
  2067 | D:3      | Found a glowing drain.
  2071 | Sewer    | Entered a sewer
  2196 | Sewer    | Noticed Purgy
  2386 | Sewer    | HP: 2/40 [Purgy (1)]
  2410 | Sewer    | HP: 2/40 [Purgy (2)]
  2427 | Sewer    | HP: 2/40 [Purgy (2)]
  2430 | D:3      | Slain by Purgy

Skill      XL: |  1  2  3 |
---------------+----------+-----
Fighting       | 4 5 |  5.7
Axes           | |  1.5
Armour         | |  2.4
Shields        | |  2.4

Action                   |  1- 3 |  4- 6 || total
-------------------------+-------+-------++-------
Melee: War axe           |   141 |   124 ||   265
Throw: Tomahawk          |       |     2 ||     2
  Use: Scroll            |       |     8 ||     8
Armor: Scale mail        |    55 |    78 ||   133
Dodge: Dodged            |    39 |    38 ||    77
Block: Shield            |   131 |   141 ||   272
       Reflection        |     2 |       ||     2
